DBL
CHICAGO CUBS @ PITTSBURGH PIRATES
04/15/1995
 
TOP OF THE 1ST
Chicago Cubs batting - Pitching for Pittsburgh Pirates : LHP Butch Henry
Pitching: LHP Butch Henry
Batting: RHB Derek Bell 0-0: Ball
1-0: Foul Ball, location: 2F
1-1: Fly out, F9 (Line Drive, 9, EV 109.4 MPH)
Batting: LHB Luis Gonzalez 0-0: Ball
1-0: Called Strike
1-1: Foul Ball, location: 2F
1-2: Ball
2-2: SOLO HOME RUN (Flyball, 9D, EV 101.3 MPH), Distance : 362 ft
Batting: LHB Mark Grace 0-0: Ball
1-0: Ball
2-0: Foul Ball, location: 2F
2-1: Ball
3-1: SOLO HOME RUN (Flyball, 9D, EV 95.6 MPH), Distance : 375 ft
Batting: RHB Mike Piazza 0-0: Called Strike
0-1: Foul Ball, location: 2F
0-2: Foul Ball, location: 2F
0-2: Ball
1-2: Foul Ball, location: 2F
1-2: Strikes out swinging
Batting: RHB Jay Buhner 0-0: Foul Ball, location: 2F
0-1: Fly out, F8 (Line Drive, 8LD, EV 86.3 MPH)
Top of the 1st over - 2 runs, 2 hits, 0 errors, 0 left on base; Chicago 2 - Pittsburgh 0
BOTTOM OF THE 1ST
Pittsburgh Pirates batting - Pitching for Chicago Cubs : RHP Eric King
Pitching: RHP Eric King
Batting: LHB Tony Gwynn 0-0: Called Strike
0-1: Ball
1-1: SOLO HOME RUN (Flyball, 7D, EV 90.0 MPH), Distance : 377 ft
Batting: RHB Lance Blankenship 0-0: Ball
1-0: Bunt missed!
1-1: Swinging Strike
1-2: Ball
2-2: SINGLE (Line Drive, 89S, EV 94.4 MPH)
Batting: SHB Bobby Bonilla 0-0: Ball
1-0: Ball
2-0: Ball
3-0: Called Strike
3-1: Foul Ball, location: 2F
3-2: Foul Ball, location: 2F
3-2: Base on Balls
Lance Blankenship to second
Batting: LHB Ed Taubensee 0-0: Swinging Strike
0-1: Ball
1-1: Ball
2-1: Fielders Choice at 2nd, 3-6 (Groundball, 34, EV 85.0 MPH)
Lance Blankenship to third
Batting: RHB Charles Johnson 0-0: Called Strike
0-1: Ball
1-1: Called Strike
1-2: Ball
2-2: 3-RUN HOME RUN (Flyball, 7LD, EV 97.5 MPH), Distance : 348 ft
Batting: LHB Robin Ventura 0-0: Ball
1-0: Swinging Strike
1-1: Ball
2-1: Foul Ball, location: 2F
2-2: Ball
3-2: Strikes out swinging
Batting: SHB John Cangelosi 0-0: Ball
1-0: Called Strike
1-1: Foul Ball, location: 2F
1-2: Ground out 4-3 (Groundball, 4, EV 105.6 MPH)
Bottom of the 1st over - 4 runs, 3 hits, 0 errors, 0 left on base; Chicago 2 - Pittsburgh 4
TOP OF THE 2ND
Chicago Cubs batting - Pitching for Pittsburgh Pirates : LHP Butch Henry
Batting: SHB Geronimo Pena 0-0: Called Strike
0-1: Ball
1-1: Ball
2-1: SINGLE (Groundball, 56S, EV 70.6 MPH) (infield hit)
Batting: RHB Scott Brosius 0-0: Ball
1-0: Foul Ball, location: 2F
1-1: Ball
2-1: Called Strike
2-2: Foul Ball, location: 2F
2-2: Ball
3-2: Fielders Choice at 2nd, 1-6 (Groundball, 34S, EV 70.0 MPH)
Batting: RHB Jeff Cirillo 0-0: Called Strike
0-1: Called Strike
0-2: Ball
1-2: Ball
2-2: Ball
3-2: Strikes out swinging
Scott Brosius steals 2nd base
Batter strikes out.
Batting: RHB Bob Brower 0-0: Ball
1-0: Ball
2-0: Fly out, F8 (Flyball, 8RM, EV 88.8 MPH)
Top of the 2nd over - 0 runs, 1 hit, 0 errors, 1 left on base; Chicago 2 - Pittsburgh 4
BOTTOM OF THE 2ND
Pittsburgh Pirates batting - Pitching for Chicago Cubs : RHP Eric King
Batting: SHB Dwayne Hosey 0-0: Ball
1-0: Called Strike
1-1: Foul Ball, location: 2F
1-2: Strikes out swinging
Batting: SHB Jose Oquendo 0-0: Ball
1-0: Ball
2-0: Ball
3-0: Base on Balls
Batting: LHB Tony Gwynn 0-0: Ball
Jose Oquendo is caught stealing 2nd base 2-6
1-0: Foul Ball, location: 2F
1-1: Ground out 1-3 (Groundball, 34S, EV 79.4 MPH)
Bottom of the 2nd over - 0 runs, 0 hits, 0 errors, 0 left on base; Chicago 2 - Pittsburgh 4
TOP OF THE 3RD
Chicago Cubs batting - Pitching for Pittsburgh Pirates : LHP Butch Henry
Batting: RHB Derek Bell 0-0: Ball
1-0: Ball
2-0: Foul Ball, location: 2F
2-1: Foul Ball, location: 2F
2-2: Strikes out looking
Batting: LHB Luis Gonzalez 0-0: Called Strike
0-1: Ball
1-1: Ball
2-1: Foul Ball, location: 2F
2-2: Ball
3-2: Fly out, F7 (Flyball, 7S, EV 81.3 MPH)
Batting: LHB Mark Grace 0-0: Ball
1-0: Foul Ball, location: 2F
1-1: Ground out U3 (Groundball, 3, EV 95.6 MPH)
Top of the 3rd over - 0 runs, 0 hits, 0 errors, 0 left on base; Chicago 2 - Pittsburgh 4
BOTTOM OF THE 3RD
Pittsburgh Pirates batting - Pitching for Chicago Cubs : RHP Eric King
Batting: RHB Lance Blankenship 0-0: Ball
1-0: Ball
2-0: Swinging Strike
2-1: Foul Ball, location: 2F
2-2: DOUBLE (Line Drive, 9LM, EV 105.6 MPH)
Batting: SHB Bobby Bonilla 0-0: Ground out 4-3 (Groundball, 4, EV 87.5 MPH)
Lance Blankenship to third
Batting: LHB Ed Taubensee 0-0: Called Strike
0-1: Foul Ball, location: 2F
0-2: Ball
1-2: SINGLE (Flyball, 89S, EV 84.4 MPH)
Lance Blankenship scores
Batting: RHB Charles Johnson 0-0: Ball
1-0: Swinging Strike
1-1: Foul Ball, location: 2F
1-2: Foul Ball, location: 2F
1-2: Ball
2-2: Foul Ball, location: 2F
2-2: Strikes out swinging
Batting: LHB Robin Ventura 0-0: Ball
1-0: Called Strike
Ed Taubensee steals 2nd base
1-1: Foul Ball, location: 2F
1-2: Strikes out swinging
Bottom of the 3rd over - 1 run, 2 hits, 0 errors, 1 left on base; Chicago 2 - Pittsburgh 5
TOP OF THE 4TH
Chicago Cubs batting - Pitching for Pittsburgh Pirates : LHP Butch Henry
Batting: RHB Mike Piazza 0-0: SINGLE (Line Drive, 56D, EV 101.9 MPH)
Batting: RHB Jay Buhner 0-0: Ball
1-0: Fly out, F7 (Flyball, 78M, EV 95.6 MPH)
Batting: SHB Geronimo Pena 0-0: Ball
1-0: Called Strike
1-1: Called Strike
1-2: Foul Ball, location: 2F
1-2: Strikes out swinging
Batting: RHB Scott Brosius 0-0: Called Strike
0-1: Swinging Strike
0-2: Foul Ball, location: 2F
0-2: 2-RUN HOME RUN (Flyball, 7LD, EV 91.9 MPH), Distance : 341 ft
Batting: RHB Jeff Cirillo 0-0: Swinging Strike
0-1: Ball
1-1: Ball
2-1: Ball
3-1: Base on Balls
Batting: RHB Bob Brower 0-0: Fly out, F3 (Popup, 3L, EV 63.8 MPH)
Top of the 4th over - 2 runs, 2 hits, 0 errors, 1 left on base; Chicago 4 - Pittsburgh 5
BOTTOM OF THE 4TH
Pittsburgh Pirates batting - Pitching for Chicago Cubs : RHP Eric King
Batting: SHB John Cangelosi 0-0: Ball
1-0: Ball
2-0: Foul Ball, location: 2F
2-1: Foul Ball, location: 2F
2-2: Ground out 4-3 (Groundball, 3D, EV 104.4 MPH)
Batting: SHB Dwayne Hosey 0-0: Ball
1-0: Ball
2-0: Ball
3-0: Foul Ball, location: 2F
3-1: Foul Ball, location: 2F
3-2: Fly out, F6 (Popup, 6, EV 77.5 MPH)
Batting: SHB Jose Oquendo 0-0: Called Strike
0-1: Ball
1-1: Ball
2-1: Fly out, F5 (Popup, 5L, EV 62.5 MPH)
Bottom of the 4th over - 0 runs, 0 hits, 0 errors, 0 left on base; Chicago 4 - Pittsburgh 5
TOP OF THE 5TH
Chicago Cubs batting - Pitching for Pittsburgh Pirates : LHP Butch Henry
Batting: RHB Derek Bell 0-0: Foul Ball, location: 2F
0-1: Called Strike
0-2: Strikes out looking
Batting: LHB Luis Gonzalez 0-0: Called Strike
0-1: Fly out, F8 (Flyball, 89D, EV 101.9 MPH)
Batting: LHB Mark Grace 0-0: Ball
1-0: Foul Ball, location: 2F
1-1: Ball
2-1: Ground out 4-3 (Groundball, 4M, EV 100.6 MPH)
Top of the 5th over - 0 runs, 0 hits, 0 errors, 0 left on base; Chicago 4 - Pittsburgh 5
BOTTOM OF THE 5TH
Pittsburgh Pirates batting - Pitching for Chicago Cubs : RHP Eric King
Batting: LHB Tony Gwynn 0-0: Ball
1-0: Foul Ball, location: 2F
1-1: Foul Ball, location: 2F
1-2: Fly out, F9 (Flyball, 9D, EV 100.0 MPH)
Batting: RHB Lance Blankenship 0-0: Foul Ball, location: 2F
0-1: Called Strike
0-2: Ball
1-2: Ball
2-2: Fly out, F3 (Line Drive, 3, EV 74.4 MPH)
Batting: SHB Bobby Bonilla 0-0: Ball
1-0: Called Strike
1-1: Swinging Strike
1-2: Ground out 5-3 (Groundball, 5D, EV 106.9 MPH)
Bottom of the 5th over - 0 runs, 0 hits, 0 errors, 0 left on base; Chicago 4 - Pittsburgh 5
TOP OF THE 6TH
Chicago Cubs batting - Pitching for Pittsburgh Pirates : LHP Butch Henry
Batting: RHB Mike Piazza 0-0: Ball
1-0: Ball
2-0: Called Strike
2-1: Ball
3-1: Ground out 6-3 (Groundball, 6S, EV 64.4 MPH)
Batting: RHB Jay Buhner 0-0: SINGLE (Flyball, 9S, EV 90.6 MPH)
Batting: SHB Geronimo Pena 0-0: Foul Ball, location: 2F
0-1: Called Strike
0-2: Foul Ball, location: 2F
0-2: Ball
1-2: Ball
2-2: Fielders Choice at 2nd, 4-6 (Groundball, 4, EV 85.6 MPH)
Batting: RHB Scott Brosius 0-0: Ball
1-0: Called Strike
1-1: Ground out 5-3 (Groundball, 56S, EV 65.6 MPH)
Top of the 6th over - 0 runs, 1 hit, 0 errors, 1 left on base; Chicago 4 - Pittsburgh 5
BOTTOM OF THE 6TH
Pittsburgh Pirates batting - Pitching for Chicago Cubs : RHP Eric King
Batting: LHB Ed Taubensee 0-0: Fly out, F7 (Flyball, 7D, EV 101.3 MPH)
Batting: RHB Charles Johnson 0-0: Ball
1-0: Ball
2-0: Called Strike
2-1: Fly out, F9 (Flyball, 89M, EV 80.6 MPH)
Batting: LHB Robin Ventura 0-0: Ball
1-0: Foul Ball, location: 2F
1-1: Swinging Strike
1-2: Hit by Pitch
Batting: SHB John Cangelosi 0-0: Ball
1-0: Foul Ball, location: 2F
1-1: Ground out 1-3 (Groundball, P, EV 83.1 MPH)
Bottom of the 6th over - 0 runs, 0 hits, 0 errors, 1 left on base; Chicago 4 - Pittsburgh 5
TOP OF THE 7TH
Chicago Cubs batting - Pitching for Pittsburgh Pirates : LHP Butch Henry
Batting: RHB Jeff Cirillo 0-0: Fly out, F8 (Flyball, 8LM, EV 91.3 MPH)
Batting: RHB Bob Brower 0-0: Ball
1-0: Foul Ball, location: 2F
1-1: Called Strike
1-2: Foul Ball, location: 2F
1-2: Ball
2-2: SINGLE (Groundball, 56D, EV 94.4 MPH)
Batting: RHB Derek Bell 0-0: Ball
1-0: Ball
2-0: Grounds into double play, 5-4-3 (Groundball, 5, EV 94.4 MPH)
Top of the 7th over - 0 runs, 1 hit, 0 errors, 0 left on base; Chicago 4 - Pittsburgh 5
BOTTOM OF THE 7TH
Pittsburgh Pirates batting - Pitching for Chicago Cubs : RHP Eric King
Pitching: LHP Frank DiPino
Batting: SHB Dwayne Hosey 0-0: Ground out 1-3 (Groundball, 13, EV 78.8 MPH)
Batting: SHB Jose Oquendo 0-0: Foul Ball, location: 2F
0-1: Ball
1-1: Ground out 5-3 (Groundball, 56S, EV 65.0 MPH)
Batting: LHB Tony Gwynn 0-0: Ball
1-0: Foul Ball, location: 2F
1-1: Ball
2-1: Fly out, F4 (Popup, 34D, EV 48.8 MPH)
Bottom of the 7th over - 0 runs, 0 hits, 0 errors, 0 left on base; Chicago 4 - Pittsburgh 5
TOP OF THE 8TH
Chicago Cubs batting - Pitching for Pittsburgh Pirates : LHP Butch Henry
Batting: LHB Luis Gonzalez 0-0: Ball
1-0: Called Strike
1-1: Ball
2-1: SOLO HOME RUN (Flyball, 9D, EV 110.0 MPH), Distance : 370 ft
Batting: LHB Mark Grace 0-0: Ball
1-0: SINGLE (Groundball, 4MD, EV 101.3 MPH)
Pitching: LHP Guy Hoffman
Batting: RHB Mike Piazza 0-0: Ball
1-0: Ball
2-0: Fly out, F7 (Flyball, 78S, EV 88.1 MPH)
Batting: RHB Jay Buhner 0-0: Ball
1-0: Foul Ball, location: 2F
1-1: Fly out, F8 (Flyball, 8LD, EV 88.1 MPH)
Batting: SHB Geronimo Pena 0-0: Called Strike
0-1: Foul Ball, location: 2F
0-2: Fly out, F8 (Flyball, 89D, EV 95.6 MPH)
Top of the 8th over - 1 run, 2 hits, 0 errors, 1 left on base; Chicago 5 - Pittsburgh 5
BOTTOM OF THE 8TH
Pittsburgh Pirates batting - Pitching for Chicago Cubs : LHP Frank DiPino
Batting: RHB Lance Blankenship 0-0: Swinging Strike
0-1: Called Strike
0-2: Ball
1-2: Strikes out swinging
Batting: SHB Bobby Bonilla 0-0: Called Strike
0-1: Swinging Strike
0-2: Ball
1-2: Ball
2-2: Strikes out swinging
Batting: LHB Ed Taubensee 0-0: Called Strike
0-1: Foul Ball, location: 2F
0-2: Ball
1-2: Ball
2-2: Foul Ball, location: 2F
2-2: Strikes out swinging
Bottom of the 8th over - 0 runs, 0 hits, 0 errors, 0 left on base; Chicago 5 - Pittsburgh 5
TOP OF THE 9TH
Chicago Cubs batting - Pitching for Pittsburgh Pirates : LHP Guy Hoffman
Batting: RHB Scott Brosius 0-0: Called Strike
0-1: Foul Ball, location: 2F
0-2: Foul Ball, location: 2F
0-2: Foul Ball, location: 2F
0-2: Ball
1-2: Foul Ball, location: 2F
1-2: SINGLE (Groundball, 4D, EV 106.3 MPH)
Batting: RHB Jeff Cirillo 0-0: Called Strike
0-1: SINGLE (Groundball, 56D, EV 99.4 MPH)
Scott Brosius to second
Pitching: RHP Bryan Harvey
Batting: RHB Bob Brower 0-0: Bunt missed!
0-1: Bunt missed!
0-2: Strikes out swinging
Batting: RHB Derek Bell 0-0: Called Strike
0-1: SINGLE (Line Drive, 89S, EV 100.0 MPH)
Scott Brosius to third
Jeff Cirillo to second
Batting: LHB Luis Gonzalez 0-0: Ball
1-0: Ball
2-0: Ball
3-0: Called Strike
3-1: Base on Balls
Scott Brosius scores
Jeff Cirillo to third
Derek Bell to second
Batting: LHB Mark Grace 0-0: Foul Ball, location: 2F
0-1: Called Strike
0-2: Ball
Wild Pitch!
Jeff Cirillo scores
Derek Bell to third
Luis Gonzalez to second
1-2: DOUBLE (Line Drive, 9LS, EV 105.0 MPH)
Derek Bell scores
Luis Gonzalez scores
Batting: RHB Mike Piazza 0-0: Ball
1-0: Ball
2-0: Called Strike
2-1: Called Strike
2-2: Ball
3-2: Foul Ball, location: 2F
3-2: Ground out 4-3 (Groundball, 4, EV 105.0 MPH)
Mark Grace to third
Batting: RHB Jay Buhner 0-0: Ball
1-0: Called Strike
1-1: Foul Ball, location: 2F
1-2: Ball
2-2: Foul Ball, location: 2F
2-2: Foul Ball, location: 2F
2-2: Ball
3-2: Foul Ball, location: 2F
3-2: Strikes out swinging
Top of the 9th over - 4 runs, 4 hits, 0 errors, 1 left on base; Chicago 9 - Pittsburgh 5
BOTTOM OF THE 9TH
Pittsburgh Pirates batting - Pitching for Chicago Cubs : LHP Frank DiPino
Batting: RHB Charles Johnson 0-0: Ball
1-0: Called Strike
1-1: Ground out 5-3 (Groundball, 5S, EV 83.8 MPH)
Batting: LHB Robin Ventura 0-0: Ball
1-0: Called Strike
1-1: SINGLE (Line Drive, 8RS, EV 99.4 MPH)
Pitching: RHP Doug Jones
Batting: SHB John Cangelosi 0-0: Foul Ball, location: 2F
0-1: Fielders Choice at 2nd, 5-4 (Groundball, 56, EV 88.1 MPH)
Batting: SHB Dwayne Hosey 0-0: Ball
1-0: Ball
2-0: Called Strike
2-1: Foul Ball, location: 2F
2-2: Ball
3-2: Ground out 5-3 (Groundball, 56S, EV 73.1 MPH)
Bottom of the 9th over - 0 runs, 1 hit, 0 errors, 1 left on base; Chicago 9 - Pittsburgh 5
Wednesday, March 19th, 2025 - OOTP Baseball 20.8 Build 74